 Dungeon Crawl Stone Soup version 0.23-a0-14-g8c9a20f (webtiles) character file.

918 Amnesiac the Ducker (level 7, -3/46 HPs)
             Began as a Mummy Ice Elementalist on Aug 2, 2018.
             Was a Follower of Vehumet.
             Slain by an ogre
             ... wielding a +0 giant club
              (21 damage)
             ... on level 5 of the Dungeon.
             The game lasted 00:11:20 (5850 turns).

Amnesiac the Ducker (Mummy Ice Elementalist)        Turns: 5850, Time: 00:11:21

Health: -3/46      AC:  7    Str: 11    XL:     7   Next: 83%
Magic:  11/14      EV: 14    Int: 17    God:    Vehumet [*.....]
Gold:   217        SH:  0    Dex: 12    Spells: 4/16 levels left

rFire    x . .     SeeInvis +   a - +0 hunting sling
rCold    + . .     Gourm    .   (no shield)
rNeg     + + +     Faith    .   p - +3 leather armour
rPois    ∞         Spirit   .   e - +0 hat {SInv}
rElec    .         Reflect  .   (no cloak)
rCorr    .         Harm     .   k - +0 pair of gloves
MR       +....                  (no boots)
Stlth    ++........             m - amulet of the acrobat
HPRegen  0.15/turn              o - ring of stealth
MPRegen  0.14/turn              c - ring of protection from magic

@: no status effects
A: no food or potions, fire vulnerability, cold resistance 1, negative energy
resistance 3, torment resistance, unbreathing
a: Renounce Religion


You were on level 5 of the Dungeon.
You worshipped Vehumet.
Vehumet was aware of your devotion.
You were not hungry.

You visited 2 branches of the dungeon, and saw 7 of its levels.

You collected 217 gold pieces.

Inventory:

Hand Weapons
 a - a +0 hunting sling (weapon)
 b - a +4 club
Missiles
 d - 98 stones (quivered)
 n - 5 curare-tipped needles
Armour
 e - a +0 hat of see invisible (worn)
 k - a +0 pair of gloves (worn)
 p - a +3 leather armour (worn)
 r - a +1 buckler
Jewellery
 c - a ring of protection from magic (right hand)
 j - an uncursed ring of see invisible
 m - an amulet of the acrobat (around neck)
 o - a ring of stealth (left hand)
Wands
 g - a wand of disintegration (8)
 t - a wand of clouds (6)
Scrolls
 f - 2 scrolls of teleportation {!r}
 h - a scroll of remove curse {!r}
 i - a scroll of fog {!r}
 l - a scroll of enchant weapon {!r}
 q - a scroll of amnesia {!r}
 s - a scroll of identify {!r}
 u - 3 scrolls of blinking {!r}


   Skills:
 + Level 5.4 Dodging
 - Level 1.5 Stealth
 - Level 5.0 Spellcasting
 - Level 0.7 Conjurations
 - Level 5.0 Ice Magic


You had 4 spell levels left.
You knew the following spells:

 Your Spells              Type           Power        Failure   Level  Hunger
a - Freeze                Ice            ###.         2%          1    N/A
b - Summon Ice Beast      Ice/Summ       ##......     54%         4    N/A
d - Throw Icicle          Conj/Ice       ##......     50%         4    N/A
z - Ozocubu's Armour      Chrm/Ice       ##......     21%         3    N/A

Your spell library contained the following spells:

 Spells                   Type           Power        Failure   Level  Hunger
 Throw Frost              Conj/Ice       ##....       9%          2    N/A

Dungeon Overview and Level Annotations

Branches:
Dungeon (6/15)             Temple (1/1) D:5

Altars:
Fedhas
Makhleb
Okawaru
Sif Muna
Vehumet
Wu Jian
Xom
Zin

Shops:
D:4 =

Annotations:
D:5 1 runed door, urutzu's ghost, amateur OgWz
D:6 Dowan


Innate Abilities, Weirdness & Mutations

You do not eat or drink.
Your flesh is vulnerable to fire.
You are immune to poison.
Your flesh is cold resistant. (rC+)
You are immune to negative energy. (rN+++)
You are immune to unholy pain and torment.
You can survive without breathing.


Message History

There is an escape hatch in the floor here.
You see here a ration.
There is a stone staircase leading down here.
You climb downwards.
Level annotation: 1 runed door, urutzu's ghost, amateur OgWz
There is a stone staircase leading up here.
Found an ornate altar of the Wu Jian Council.
An ogre comes into view. It is wielding a giant club.
Found 13 gold pieces.
Found an escape hatch in the ceiling.
An ogre is nearby!
An ogre is nearby!
Firing (i - inventory)
d - 103 stones (quivered)
Press: ? - help, Shift-Dir - straight line, f - ogre
Aim: an ogre, wielding a giant club (resting)
You shoot a stone. The stone hits the ogre.
The ogre is lightly wounded.
Firing (i - inventory)
d - 102 stones (quivered)
Press: ? - help, Shift-Dir - straight line, f/p - ogre
Aim: an ogre, wielding a giant club You shoot a stone.
The stone closely misses the ogre.
Firing (i - inventory)
d - 101 stones (quivered)
Press: ? - help, Shift-Dir - straight line, f/p - ogre
Aim: an ogre, wielding a giant club You shoot a stone.
The stone hits the ogre.
The ogre is moderately wounded.
Firing (i - inventory)
d - 100 stones (quivered)
Press: ? - help, Shift-Dir - straight line, f/p - ogre
Aim: an ogre, wielding a giant club (moderately wounded)
You shoot a stone.
The stone hits the ogre but does no damage.
The ogre is moderately wounded.
Firing (i - inventory)
d - 99 stones (quivered)
Press: ? - help, Shift-Dir - straight line, f/p - ogre
Aim: an ogre, wielding a giant club (moderately wounded)
You shoot a stone.
The stone hits the ogre but does no damage.
The ogre is moderately wounded.
Casting: Freeze (safe; 2% risk of failure)
Confirm with . or Enter, or press ? or * to list all spells.
Aiming: Freeze (safe; 2% risk of failure)
Press: ? - help, Shift-Dir - straight line, f/p - ogre
Aim: an ogre, wielding a giant club (moderately wounded)
You freeze the ogre.
The ogre is moderately wounded.
The ogre hits you with a giant club!!
Ouch! That really hurt!
* * * LOW HITPOINT WARNING * * *
Casting: Freeze (safe; 2% risk of failure)
Confirm with . or Enter, or press ? or * to list all spells.
Aiming: Freeze (safe; 2% risk of failure)
Press: ? - help, Shift-Dir - straight line, f/p - ogre
Aim: an ogre, wielding a giant club (moderately wounded)
You freeze the ogre.
The ogre is heavily wounded.
The ogre closely misses you.
Casting: Freeze (safe; 2% risk of failure)
Confirm with . or Enter, or press ? or * to list all spells.
Aiming: Freeze (safe; 2% risk of failure)
Press: ? - help, Shift-Dir - straight line, f/p - ogre
Aim: an ogre, wielding a giant club (heavily wounded)
You freeze the ogre.
The ogre is severely wounded.
The ogre hits you with a giant club!!
You die...

#....# #..# #
#....## #..######
#.....#####........
#...#.#............
#...._..###........
#...#.### ##...P.P.
#.....# #....>..
##.#### ##..P.P.
#@# ##......
#....O.# #........
#$...(...
...#.#.###
#....(..## ##
#.#.### #....(.## #
#.... #......#
####. #......# ##
#....(<# #


You could see an ogre.

Vanquished Creatures
  Edmund (D:4)
  A sky beast (D:5)
  An ogre (D:6)
  Blork the orc (D:4)
  A bullfrog (D:4)
  A scorpion (D:5)
  3 crimson imps
  A centaur skeleton (D:5)
  Ijyb (D:3)
  2 iguanas
  3 worker ants
  A mummy (D:4)
  5 adders
  A shadow imp (D:5)
  2 oozes
  4 worms
  A dart slug (D:3)
  4 leopard geckos
  5 orcs
  2 ball pythons
  5 giant cockroaches
  6 goblins
  7 hobgoblins
  11 jackals
  2 quokkas
  9 bats
  5 frilled lizards
  A hobgoblin zombie (D:4)
  3 kobolds (D:1)
  2 kobold zombies (D:4)
  An orc zombie (D:4)
  A quokka skeleton (D:4)
  8 rats
102 creatures vanquished.

Notes
Turn   | Place    | Note
-------+----------+-------------------------------------------
     0 | D:1      | Amnesiac the Mummy Ice Elementalist began the quest for the Orb.
     0 | D:1      | Reached XP level 1. HP: 13/13 MP: 4/4
    66 | D:2      | Reached XP level 2. HP: 18/19 MP: 0/5
   358 | D:3      | Noticed Ijyb
   388 | D:3      | Reached XP level 3. HP: 6/24 MP: 1/8
   824 | D:4      | Found a blossoming altar of Fedhas.
   847 | D:4      | Reached XP level 4. HP: 18/30 MP: 5/10
   852 | D:4      | Learned a level 3 spell: Ozocubu's Armour
   857 | D:4      | Learned a level 4 spell: Throw Icicle
   995 | D:4      | Noticed Edmund
  1093 | D:4      | Noticed a bullfrog
  1176 | D:4      | Killed a bullfrog
  1176 | D:4      | Reached XP level 5. HP: 14/35 MP: 6/11
  1203 | D:4      | Learned a level 4 spell: Summon Ice Beast
  1337 | D:4      | Noticed Blork the orc
  1369 | D:4      | Found Tuptoapo's Jewellery Shoppe.
  1460 | D:4      | Killed Blork the orc
  1581 | D:4      | Reached XP level 6. HP: 36/41 MP: 9/12
  1670 | D:4      | Killed Edmund
  1900 | D:5      | Entered Level 5 of the Dungeon
  2105 | D:5      | Noticed urutzu's ghost (amateur OgWz)
  2128 | D:5      | Found a runed door.
  2149 | D:5      | Noticed a sky beast
  2157 | D:5      | Reached skill level 5 in Ice Magic
  2166 | D:5      | Killed a sky beast
  2166 | D:5      | Reached XP level 7. HP: 35/46 MP: 3/13
  2367 | D:5      | Found a staircase to the Ecumenical Temple.
  2372 | D:5      | Reached skill level 5 in Spellcasting
  2375 | Temple   | Entered the Ecumenical Temple
  2416 | Temple   | Became a worshipper of Vehumet
  3751 | D:3      | You fall through a shaft for 3 floors!
  3784 | D:6      | Noticed Dowan
  3789 | D:6      | Reached skill level 5 in Dodging
  3989 | D:4      | Reached * piety under Vehumet
  3989 | D:4      | Offered knowledge of Sandblast by Vehumet.
  4076 | D:3      | Found an iron altar of Okawaru.
  4929 | D:3      | Killed Ijyb
  5101 | D:3      | Found an iron altar of Okawaru.
  5832 | D:5      | Found an ornate altar of the Wu Jian Council.
  5850 | D:5      | Slain by an ogre

Vault maps used:
D:1:      lemuel_arrival_lava_pool, kennysheep_nondescript
D:3:      lemuel_round_altar, uniq_ijyb
D:4:      fedhas_altar_fruit_tree, gup_sewer_entry_spiral, serial_shops, shop,
          first_ration, minmay_mini_ossuary, uniq_edmund, uniq_blork_the_orc
D:5:      lemuel_upstairs_altar, overflow_temple_1_default,
          lemuel_crystal_altar, minmay_temple_entry_trees,
          hellmonk_ghost_happy_afterlife
D:6:      cheibrodos_quashed, lemuel_doored_altar, serial_shops, shop,
          uniq_duvessa
Temple:   oiseaux_autumnal_temple

Skill      XL: |  1  2  3  4  5  6  7 |
---------------+----------------------+-----
Ice Magic      | 3 4 5 |  5.0
Spellcasting   | 4 5 |  5.0
Dodging        | 3 5 |  5.4
Stealth        | |  1.5
Conjurations   | |  0.7

Action                   |  1- 3 |  4- 6 |  7- 9 || total
-------------------------+-------+-------+-------++-------
Melee: Unarmed           |     1 |       |       ||     1
 Fire: Hunting sling     |    12 |    56 |   127 ||   195
 Cast: Freeze            |    41 |    45 |    83 ||   169
       Ozocubu's Armour  |       |     2 |     1 ||     3
  Use: Scroll            |       |     1 |    11 ||    12
Armor: Robe              |     5 |     4 |     4 ||    13
       Leather armour    |       |       |    11 ||    11
Dodge: Dodged            |    23 |    32 |    58 ||   113

Table legend:
 A = Spawn XP
 B = Non-spawn XP
 C = Spawn XP percentage of total XP
 D = Spawn monster count
 E = Non-spawn monster count
 F = Spawn count percentage of total count
 G = Total turns spent on level
                    A         B        C        D         E        F      G
               +---------+---------+-------+---------+---------+-------+---------
         Total |       0 |    1312 |   0.0 |       0 |     102 |   0.0 |  5850
               +---------+---------+-------+---------+---------+-------+---------
           D:1 |       0 |      42 |   0.0 |       0 |      26 |   0.0 |   715
           D:2 |       0 |      37 |   0.0 |       0 |      11 |   0.0 |   709
           D:3 |       0 |     161 |   0.0 |       0 |      30 |   0.0 |  2269
           D:4 |       0 |     468 |   0.0 |       0 |      19 |   0.0 |  1355
           D:5 |       0 |     407 |   0.0 |       0 |      13 |   0.0 |   653
           D:6 |       0 |     197 |   0.0 |       0 |       3 |   0.0 |    91
               +---------+---------+-------+---------+---------+-------+---------
